 Dungeon Crawl Stone Soup version 0.30.0-29-ga12c61a403 (webtiles) character file.

Game seed: 9730382035635394368

79 Josd the Shooter (level 4, 0/37 HPs)
             Began as a Minotaur Hunter on June 9, 2023.
             Was a Believer of Elyvilon.
             Slain by a scorpion (6 damage)
             ... on level 3 of the Dungeon.
             The game lasted 00:05:18 (1682 turns).

Josd the Shooter (Minotaur Hunter)                  Turns: 1682, Time: 00:05:19

Health: 0/37       AC:  4    Str: 16    XL:     4   Next: 17%
Magic:  1/3        EV:  9    Int:  6    God:    Elyvilon [**....]
Gold:   109        SH:  0    Dex: 15    Spells: 3/3 levels left

rFire   . . .        a - +0 shortbow
rCold   . . .        (shield currently unavailable)
rNeg    . . .        c - +0 leather armour
rPois   .            q - +1 hat
rElec   .            p - scarf {harm}
rCorr   .            (no gloves)
SInv    .            (no boots)
Will    .....        (no amulet)
Stlth   ++           (no ring)
HPRegen 0.26/turn    (no ring)
MPRegen 0.08/turn

%: harm (+30% outgoing, +20% incoming)
@: lethally poisoned (0 -> -3), constricted
A: horns 2, retaliatory headbutt
a: Renounce Religion, Purification, Heal Other


You were on level 3 of the Dungeon.
You worshipped Elyvilon.
Elyvilon was pleased with you.
You visited 1 branch of the dungeon, and saw 3 of its levels.

You collected 109 gold pieces.

Inventory:

Hand Weapons
 a - a +0 shortbow (weapon)
 g - a +0 dagger of venom
Armour
 c - a +0 leather armour (worn)
 p - a scarf of harm (worn)
 q - a +1 hat (worn)
Wands
 n - a wand of iceblast (10)
Scrolls
 b - a scroll of immolation
 d - 2 scrolls of amnesia
 e - a scroll of torment {unknown}
 f - 2 scrolls of blinking
 i - 4 scrolls of identify {unknown}
 j - a scroll of teleportation {unknown}
 o - a scroll of fear {unknown}
 v - a scroll of vulnerability {unknown}
Potions
 h - a potion of brilliance {unknown}
 k - 3 potions of heal wounds {unknown}
 l - a potion of cancellation {unknown}
 m - a potion of attraction {unknown}
 r - a potion of lignification {unknown}
 s - 3 potions of haste {unknown}
 t - a potion of curing {unknown}
 u - a potion of berserk rage {unknown}


   Skills:
 + Level 2.6 Fighting
 + Level 6.0 Ranged Weapons
 + Level 0.6 Armour
 + Level 2.2 Dodging
 + Level 1.3 Stealth


You had 3 spell levels left.
You didn't know any spells.
Your spell library contained the following spells:

 Spells                   Type           Power      Damage    Failure   Level
 Scorch                   Fire           0%         2d5       67%         2
 Flame Wave               Conj/Fire      0%         2d4       99%         4
 Summon Cactus Giant      Summ           0%         N/A       100%        6


Dungeon Overview and Level Annotations

Branches:
Dungeon (3/15)

Altars:
Elyvilon


Innate Abilities, Weirdness & Mutations

You have a pair of horns on your head.
You reflexively headbutt those who attack you in melee.


Message History

The arrow completely misses the scorpion.
The ball python hisses angrily.
The scorpion stings you.
You are poisoned.
The scorpion poisons you!
You shoot an arrow. The arrow barely misses the scorpion.
You feel very sick. The scorpion stings you.
You shoot an arrow. The arrow hits the scorpion!
The scorpion is severely wounded.
You feel very sick. The scorpion stings you.
You are more poisoned.
The scorpion poisons you!
You shoot an arrow. The arrow closely misses the scorpion.
You feel very sick. The scorpion barely misses you. x2
You shoot an arrow.
The arrow hits the scorpion but does no damage.
The scorpion is severely wounded.
You feel very sick. The ball python barely misses you.
The ball python grabs you. The ball python constricts you.
The scorpion barely misses you. The ball python barely misses you.
The ball python constricts you.
You feel purified! The scorpion barely misses you.
The ball python bites you but does no damage.
The ball python constricts you.
* * * LOW HITPOINT WARNING * * *
The scorpion stings you.
* * * LOW HITPOINT WARNING * * *
You are poisoned.
The scorpion poisons you!
You shoot an arrow. The arrow hits the scorpion.
The scorpion is almost dead.
You feel sick. The ball python barely misses you.
The ball python constricts you. The scorpion closely misses you.
You shoot an arrow. The arrow closely misses the scorpion.
You feel sick.
The ball python bites you but does no damage.
The ball python constricts you. The scorpion stings you.
You die...

... .. ... ..
.#.# .......
.#.# .....
.#...# ....
#....#
....##.#..#
#...s..#
#..S@# #....#
#...##
######## #...#
#......###...#
#......#....##
#
#...........#
##.
#......#.#(.#
#..
#...........#
#.#


You could see a scorpion and a ball python.

Vanquished Creatures
  An adder (D:3)
  A worm (D:1)
  3 dart slugs
  3 ball pythons (D:1)
  9 endoplasms
  5 giant cockroaches
  5 hobgoblins
  8 jackals
  A quokka (D:3)
  A frilled lizard (D:2)
  4 goblins
  3 kobolds
  12 rats
56 creatures vanquished.

Notes
Turn   | Place    | Note
-------+----------+-------------------------------------------
     0 | D:1      | Josd the Minotaur Hunter began the quest for the Orb.
     0 | D:1      | Reached XP level 1. HP: 18/18 MP: 0/0
     1 | D:1      | Found a runed translucent door.
   175 | D:1      | Reached XP level 2. HP: 19/25 MP: 1/1
   176 | D:1      | Reached skill level 5 in Ranged Weapons
   305 | D:1      | Reached skill level 1 in Stealth
   332 | D:1      | You fall into a shaft and drop 1 floor!
   358 | D:2      | Found a faded altar of an unknown god.
   369 | D:2      | Prayed at the altar of an unknown god.
   369 | D:2      | Became a worshipper of Elyvilon the Healer
   369 | D:2      | Reached * piety under Elyvilon
   375 | D:2      | Reached XP level 3. HP: 29/30 MP: 2/2
   606 | D:2      | Reached ** piety under Elyvilon
  1549 | D:3      | Reached XP level 4. HP: 37/37 MP: 3/3
  1664 | D:3      | Noticed a scorpion
  1675 | D:3      | Reached skill level 6 in Ranged Weapons
  1682 | D:3      | Slain by a scorpion

Illustrated notes

Levels and vault maps discovered:
D:1:      dpeg_arrival_caged_fury, layout_basic, chequers_serial_rivers_room_b
D:2:      layout_basic, hellmonk_ecumenical_altar_lost_god
D:3:      layout_rooms, nicolae_elevator_lobby_asterisk

Skill      XL: |  1  2  3  4 |
---------------+-------------+-----
Ranged Weapons | 5 6 |  6.0
Stealth        | 1 |  1.3
Fighting       | |  2.6
Armour         | |  0.6
Dodging        | |  2.2

Action                     |  1- 3 |  4- 6 || total
---------------------------+-------+-------++-------
   Fire: Shortbow          |    96 |    17 ||   113
 Invoke: Purification      |       |     1 ||     1
    Use: Scroll            |     2 |       ||     2
 Armour: Leather armour    |    21 |     3 ||    24
  Dodge: Dodged            |    49 |    14 ||    63
